 Dungeon Crawl Stone Soup version 0.27.0-1-g7a089689b8 (webtiles) character file.

Game seed: 4423381291402516192

6423 quinnr the Covert (level 10, -7/51 HPs)
             Began as a Vine Stalker Delver on Aug 8, 2021.
             Was an Elder of Elyvilon.
             Killed from afar by a gargoyle (16 damage)
             ... with a stone arrow
             ... on level 10 of the Dungeon.
             The game lasted 00:33:59 (8891 turns).

quinnr the Covert (Vine Stalker Delver)             Turns: 8891, Time: 00:34:00

Health: -7/51      AC: 10    Str: 16    XL:     10   Next: 98%
Magic:  0/14       EV: 13    Int: 12    God:    Elyvilon [****..]
Gold:   515        SH:  0    Dex: 16    Spells: 9/13 levels left

rFire    + + .     SeeInvis .   F - +3 long sword (freeze)
rCold    . . .     Faith    .   (no shield)
rNeg     . . .     Spirit   +   I - +0 steam dragon scales
rPois    .         Reflect  .   (no helmet)
rElec    .         Harm     .   (no cloak)
rCorr    .         Rampage  .   l - +1 pair of gloves
Will     +....                  h - +2 pair of boots
Stlth    +++++.....             (no amulet)
HPRegen  1.17/turn              m - ring of protection from fire
MPRegen  0.14/turn              s - ring of protection from fire

@: no status effects
A: fangs 3, regeneration 1, magic shield, antimagic bite, no potion heal 2
a: Renounce Religion, Lesser Healing, Heal Other, Purification, Greater Healing,
Divine Protection


You were on level 10 of the Dungeon.
You worshipped Elyvilon.
Elyvilon was greatly pleased with you.
You visited 1 branch of the dungeon, and saw 10 of its levels.

You collected 515 gold pieces.

Inventory:

Hand Weapons
 a - a +0 falchion
 B - the +3 Elemental Staff {rElec rF++ rC++ Will++ AC+5}
   (You took it off a deep elf pyromancer on level 10 of the Dungeon)

   If the wielder is skilled in Evocations, they can discharge powerful blasts
   of elemental energy when striking with it.
   It enhances your fire, ice, earth and air magic.
   AC:        It affects your AC (+5).
   rF:        It greatly protects you from fire.
   rC:        It greatly protects you from cold.
   rElec:     It insulates you from electricity.
   Will:      It greatly increases your willpower.
 F - a +3 long sword of freezing (weapon)
Missiles
 t - 39 poisoned darts
 x - a throwing net
Armour
 b - a +1 leather armour
 h - a +2 pair of boots (worn)
 l - a +1 pair of gloves (worn)
 I - +0 steam dragon scales (worn)
Jewellery
 m - a ring of protection from fire (left hand)
 p - a ring of flight
 s - a ring of protection from fire (right hand)
 J - an amulet of faith
Wands
 f - a wand of flame (18)
 g - a wand of digging (3)
 y - a wand of paralysis (4)
 z - a wand of iceblast (12)
 C - a wand of polymorph (8)
Scrolls
 c - 3 scrolls of fog
 d - 2 scrolls of magic mapping
 i - 6 scrolls of teleportation
 k - a scroll of fear
 o - 2 scrolls of holy word
 r - 3 scrolls of enchant weapon
 v - a scroll of vulnerability {unknown}
 D - a scroll of enchant armour
 E - a scroll of amnesia {unknown}
 G - 2 scrolls of immolation
 M - a scroll of blinking
Potions
 e - 2 potions of flight
 j - a potion of heal wounds
 n - 4 potions of curing
 q - 2 potions of attraction
 u - a potion of mutation
 w - a potion of ambrosia
Miscellaneous
 H - a lightning rod (inert)
 K - a phantom mirror (inert)
 L - a phial of floods (inert)


   Skills:
 - Level 5.0 Fighting
 * Level 10.3 Long Blades
 + Level 3.0 Armour
 - Level 4.0 Dodging
 + Level 10.6 Stealth
 - Level 2.2 Spellcasting
 - Level 3.8 Poison Magic
 - Level 4.0 Invocations


You had 9 spell levels left.
You knew the following spells:

 Your Spells              Type           Power      Damage    Failure   Level
a - Olgreb's Toxic Radia  Pois           10%        N/A       47%         4

Your spell library contained the following spells:

 Spells                   Type           Power      Damage    Failure   Level
 Shock                    Conj/Air       4%         1d3       26%         1
 Slow                     Hex            1%         N/A       38%         2
 Sublimation of Blood     Necr           0%         N/A       38%         2
 Confusing Touch          Hex            1%         N/A       63%         3
 Gell's Gravitas          Tloc           0%         N/A       63%         3
 Lesser Beckoning         Tloc           0%         N/A       63%         3
 Swiftness                Air            1%         N/A       63%         3
 Teleport Other           Tloc           1%         N/A       63%         3
 Vampiric Draining        Necr           0%         2d6       63%         3
 Airstrike                Air            0%         N/A       95%         4
 Cause Fear               Hex            0%         N/A       95%         4
 Petrify                  Tmut/Erth      1%         N/A       95%         4
 Irradiate                Conj/Tmut      0%         3d14      100%        5
 Yara's Violent Unravell  Hex/Tmut       0%         3d3       100%        5
 Dragon Form              Tmut           0%         N/A       100%        7
 Ozocubu's Refrigeration  Ice            0%         4d5       100%        7
 Ignition                 Fire           0%         3d3       100%        8
 Dragon's Call            Summ           0%         N/A       100%        9


Dungeon Overview and Level Annotations

Branches:
Dungeon (10/15)            Temple (0/1) D:5            Lair (0/6) D:10
    Orc: D:9-12

Altars:
Ashenzari
Dithmenos
Elyvilon
Fedhas
Gozag
Hepliaklqana
Kikubaaqudgha
Qazlal
Xom

Shops:
D:3 :   D:5 !

Annotations:
D:4 Edmund
D:9 3 runed translucent doors, Houndtax's ghost, novice NaVM; ZombieSheep's ghost, novice GnWn; gimp's ghost, journeyman TeWr


Innate Abilities, Weirdness & Mutations

You have razor-sharp teeth.
Your natural rate of healing is unusually fast.
When hurt, damage is shared between your health and your magic reserves.
Your bite disrupts and absorbs the magic of your enemies.
Potions cannot restore your health.


Message History

Unknown command.
Unknown command.
Unknown command.
Unknown command.
Aiming: Thunderbolt
Press: ? - help, Shift-Dir - straight line, f/p - gargoyle
Aim: a gargoyle, wielding a +0 dire flail (lightly damaged)
The thunderbolt hits the gargoyle.
The gargoyle resists.
The gargoyle is moderately damaged.
The thunderbolt hits the gargoyle.
The gargoyle resists.
The gargoyle is moderately damaged.
The lightning rod overheats!
The gargoyle hurls a stone arrow at you.
The stone arrow hits you!
Unknown command.
Unknown command.
Okay, then.
Okay, then.
The gargoyle hits you with a +0 morningstar!
You hit the gargoyle. You freeze the gargoyle.
You bite the gargoyle, but do no damage.
The gargoyle is heavily damaged.
The gargoyle hits you but does no damage.
Unknown command.
Okay, then.
The gargoyle hurls a stone arrow at you.
The stone arrow hits you!
Unknown command.
Unknown command.
The gargoyle hurls a stone arrow at you.
The stone arrow hits you!!
* * * LOW HITPOINT WARNING * * *
Unknown command.
You have no ailments to cure.
Unknown command.
The gargoyle hurls a stone arrow at you.
The stone arrow misses you.
The gargoyle hurls a stone arrow at you.
The stone arrow hits you!!
You die...

##### ##99.## ##..#..##
##99###..## ##..##§##..##
##..##§§§##@.##
#..##§§§..##..##
#.####§§§####..##
#'#..##§##..#+..############
##....###....##.............
##..†..###.....######.#######
##...9##.##....## #.#
#≈##.)#'...'#..##≈# #.#
#°≈≈####.....####○≈☼# #.#


You could see 2 gargoyles.

Vanquished Creatures
  A deep elf pyromancer (D:10)
  A gargoyle (D:10)
  An unseen horror (D:10)
  2 trolls (D:9)
  Prince Ribbit (D:5)
  A raiju (D:10)
  A wyvern (D:10)
  5 yaks (D:10)
  2 wraiths
  2 steam dragons
  A vampire (D:7)
  A basilisk (D:10)
  2 orc warriors
  A sky beast (D:7)
  A black bear (D:10)
  2 ice beasts
  2 ogres
  3 centaurs
  A phantom (D:7)
  2 bullfrogs (D:6)
  4 kobold brigands
  2 scorpions
  A water moccasin skeleton (D:4)
  4 killer bees (D:9)
  3 wights (D:7)
  2 howler monkeys (D:5)
  A bullfrog zombie (D:7)
  3 centaur zombies
  2 hounds
  A jelly (D:4)
  A centaur skeleton (D:5)
  An orc priest (D:6)
  A bullfrog skeleton (D:6)
  2 gnoll shamans (D:6)
  2 iguanas (D:5)
  8 orc wizards
  8 gnolls
  2 adders
  3 white imps
  An adder skeleton (D:4)
  2 worms
  5 dart slugs
  24 orcs
  5 ball pythons
  3 bats
  6 endoplasms
  4 giant cockroaches
  2 goblins
  5 hobgoblins
  8 jackals
  A quokka (D:1)
  4 frilled lizards
  27 kobolds
  4 rats
185 creatures vanquished.

Vanquished Creatures (others)
  Eustachio (D:5)
  A yak (D:10)
  A scorpion (D:5)
  An iguana (D:5)
  3 fungi (D:10)
7 creatures vanquished.

Grand Total: 192 creatures vanquished

Notes
Turn   | Place    | Note
-------+----------+-------------------------------------------
     0 | D:5      | quinnr the Vine Stalker Delver began the quest for the Orb.
     0 | D:5      | Reached XP level 1. HP: 11/11 MP: 2/2
     7 | D:5      | Noticed an ogre
    59 | D:5      | Found Rabloskeam's Distillery.
    61 | D:5      | Noticed Prince Ribbit
    77 | D:6      | Noticed a scorpion
   251 | D:5      | Noticed a howler monkey
   260 | D:5      | Noticed a hound
   269 | D:5      | Killed a hound
   270 | D:5      | Reached XP level 2. HP: 7/16 MP: 3/3
   270 | D:5      | Reached XP level 3. HP: 9/20 MP: 4/4
   483 | D:5      | Gained mutation: Your natural rate of healing is unusually
                  | fast. [Vine Stalker growth]
   483 | D:5      | Reached XP level 4. HP: 15/24 MP: 2/5
   484 | D:5      | Noticed Eustachio
   544 | D:5      | Noticed a scorpion
   575 | D:5      | Noticed a sky beast
   647 | D:4      | HP: 2/24 [something (5)]
   709 | D:4      | Found a white marble altar of Elyvilon.
   765 | D:4      | Reached XP level 5. HP: 28/28 MP: 6/6
   798 | D:4      | Became a worshipper of Elyvilon the Healer
  1063 | D:4      | Noticed Edmund
  1485 | D:2      | Found an opulent altar of Gozag.
  1488 | D:2      | Reached * piety under Elyvilon
  2148 | D:1      | Reached ** piety under Elyvilon
  2448 | D:1      | Found a faded altar of an unknown god.
  3062 | D:3      | Learned a level 4 spell: Olgreb's Toxic Radiance
  3246 | D:3      | Reached *** piety under Elyvilon
  3252 | D:3      | Found Zotihel's Book Shoppe.
  3478 | D:4      | Reached XP level 6. HP: 26/32 MP: 7/7
  3632 | D:4      | Reached skill level 1 in Poison Magic
  3889 | D:5      | Killed Eustachio
  4057 | D:5      | Killed Prince Ribbit
  4058 | D:5      | Reached skill level 5 in Long Blades
  4058 | D:5      | Reached XP level 7. HP: 36/36 MP: 6/8
  4258 | D:5      | Found a staircase to the Ecumenical Temple.
  4345 | D:6      | Reached skill level 1 in Spellcasting
  4345 | D:6      | Reached skill level 1 in Invocations
  4470 | D:6      | Gained mutation: You have razor-sharp teeth. [Vine Stalker
                  | growth]
  4470 | D:6      | Reached XP level 8. HP: 32/40 MP: 8/11
  4568 | D:6      | Found a broken altar of Ashenzari.
  5161 | D:6      | Found a hazy altar of Hepliaklqana.
  5373 | D:7      | Found a shadowy altar of Dithmenos.
  5636 | D:7      | Found a stormy altar of Qazlal.
  5721 | D:7      | Noticed a vampire
  5723 | D:7      | Reached XP level 9. HP: 44/46 MP: 13/13
  5761 | D:7      | Found an opulent altar of Gozag.
  5769 | D:7      | Reached **** piety under Elyvilon
  6171 | D:8      | Reached skill level 5 in Fighting
  6997 | D:9      | Found a runed translucent gate.
  6999 | D:9      | Found a runed translucent gate.
  6999 | D:9      | Noticed ZombieSheep's ghost (novice GnWn)
  7000 | D:9      | Found a runed translucent gate.
  7000 | D:9      | Noticed Houndtax's ghost (novice NaVM)
  7001 | D:9      | Noticed gimp's ghost (journeyman TeWr)
  7001 | D:9      | Noticed ZombieSheep's ghost (novice GnWn)
  7497 | D:9      | Found an ancient bone altar of Kikubaaqudgha.
  7582 | D:9      | Noticed a troll
  7593 | D:9      | Killed a troll
  7616 | D:9      | Reached XP level 10. HP: 36/51 MP: 5/14
  7709 | D:9      | Found a blossoming altar of Fedhas.
  8041 | D:10     | Entered Level 10 of the Dungeon
  8092 | D:10     | Reached skill level 1 in Armour
  8242 | D:10     | Found a staircase to the Lair.
  8382 | D:10     | Found a shimmering altar of Xom.
  8437 | D:10     | Reached skill level 10 in Stealth
  8637 | D:10     | Killed an unseen horror
  8697 | D:10     | Noticed a gargoyle
  8697 | D:10     | Noticed a gargoyle
  8698 | D:10     | Noticed a gargoyle
  8712 | D:10     | Reached skill level 10 in Long Blades
  8714 | D:10     | Noticed a deep elf pyromancer
  8723 | D:10     | Killed a deep elf pyromancer
  8758 | D:10     | Noticed a boulder beetle
  8784 | D:10     | Killed a gargoyle
  8887 | D:10     | HP: 5/51 [gargoyle/stone arrow (17)]
  8891 | D:10     | Killed from afar by a gargoyle

Illustrated notes

Levels and vault maps discovered:
D:1:      arrival_zaba_pyramid, layout_loops_ring, basic_ecumenical_altar
D:2:      layout_loops_ring, basic_altar, wander_ebering_terrifying_dragon_lair
D:3:      layout_basic, serial_shops, shop
D:4:      layout_loops_ring, lemuel_crystal_altar, uniq_edmund
D:5:      layout_loops_ring, lemuel_temple_firewalk_a, serial_shops, shop,
          uniq_eustachio, uniq_prince_ribbit1
D:6:      layout_cave_pools, amcnicky_altar_gilded,
          worldfamousw_hep_ancestral_shrine, nicolae_ossuary_entry_plus
D:7:      layout_loops_ring, grunt_dithmenos_shadows,
          mainiacjoe_overflow_large_starburst
D:8:      layout_rooms
D:9:      layout_loops_ring, lemuel_round_altar, fedhas_altar_2,
          gammafunk_ghost_cemetery, minmay_fractal_squares_gapless_5
D:10:     layout_loops_ring, grunt_temple_overflow_diamond,
          kennysheep_mini_moat, david_lair_generic,
          dilly_guarded_unrand_elemental_staff

Skill      XL: |  1  2  3  4  5  6  7  8  9 10 |
---------------+-------------------------------+-----
Fighting       | 3 4 5 |  5.0
Long Blades    | 2 3 4 5 8 10 | 10.3
Dodging        | 2 3 4 |  4.0
Poison Magic   | 2 3 |  3.8
Spellcasting   | 1 2 |  2.2
Invocations    | 1 3 4 |  4.0
Stealth        | 7 8 10 | 10.6
Armour         | 3 |  3.0

Action                   |  1- 3 |  4- 6 |  7- 9 | 10-12 || total
-------------------------+-------+-------+-------+-------++-------
Melee: Falchion          |    22 |   188 |   373 |       ||   583
       Bite              |     9 |    70 |   168 |    48 ||   295
       Long sword        |       |       |    11 |   109 ||   120
Throw: Dart              |       |    15 |       |       ||    15
 Cast: Olgreb's Toxic Ra |       |       |     2 |     1 ||     3
Invok: Lesser Healing    |       |     4 |    13 |     2 ||    19
       Heal Other        |       |       |       |     5 ||     5
Evoke: Wand              |       |     1 |     9 |     4 ||    14
       Lightning rod     |       |       |       |     5 ||     5
       Phial of floods   |       |       |       |     1 ||     1
       Phantom mirror    |       |       |       |     1 ||     1
  Use: Potion            |     1 |       |     3 |     1 ||     5
       Scroll            |       |    11 |     2 |     3 ||    16
 Stab: Sleeping          |     1 |    18 |     5 |     4 ||    28
       Paralysed         |       |       |    11 |       ||    11
       Distracted        |       |       |     1 |     1 ||     2
       Invisible         |       |       |       |     3 ||     3
Armor: Leather armour    |     5 |    69 |   119 |     7 ||   200
       Steam dragon scal |       |       |       |    34 ||    34
Dodge: Dodged            |    15 |   132 |   259 |    49 ||   455
       Rpst.: Falchion   |     9 |    45 |    77 |       ||   131
       Long sword        |       |       |       |    15 ||    15
